 Dungeon Crawl Stone Soup version 0.30.1-11-g7821555f0a (webtiles) character file.

Game seed: 17714674506633071549

9185 Peloso the Carver (level 11, -19/97 HPs)
             Began as a Minotaur Fighter on Jan 15, 2024.
             Was an Elder of Okawaru.
             Killed from afar by Lodul (21 damage)
             ... with a bolt of lightning
             ... on level 10 of the Dungeon.
             The game lasted 00:18:41 (10193 turns).

Peloso the Carver (Minotaur Fighter)               Turns: 10193, Time: 00:18:41

Health: -19/97     AC: 19    Str: 21    XL:     11   Next: 19%
Magic:  10/11      EV: 12    Int:  5    God:    Okawaru [****..]
Gold:   641        SH: 16    Dex: 14    Spells: 10/10 levels left

rFire   . . .        a - +0 long sword
rCold   . . .        d - +0 kite shield
rNeg    + . .        P - +0 plate armour
rPois   .            c - +0 hat
rElec   .            A - +0 cloak
rCorr   .            G - +1 pair of gloves
SInv    .            (no boots)
Will    .....        I - amulet of reflection Stlth
                     j - ring of positive energy
HPRegen 0.36/turn    p - +5 ring of evasion
MPRegen 0.12/turn

%: reflection
@: on berserk cooldown, slowed, very slow
A: horns 2, retaliatory headbutt
a: Renounce Religion, Heroism, Finesse


You were on level 10 of the Dungeon.
You worshipped Okawaru.
Okawaru was greatly pleased with you.
You visited 2 branches of the dungeon, and saw 11 of its levels.

You collected 641 gold pieces.

Inventory:

Hand Weapons
 a - a +0 long sword (weapon)
Missiles
 y - 2 throwing nets (quivered)
Armour
 b - a +0 scale mail
 c - a +0 hat (worn)
 d - a +0 kite shield (worn)
 i - a +0 chain mail
 A - a +0 cloak (worn)
 G - a +1 pair of gloves (worn)
 P - a +0 plate armour (worn)
Jewellery
 j - a ring of positive energy (left hand)
 p - a +5 ring of evasion (right hand)
 u - a ring of protection from fire
 v - a ring of protection from fire
 D - an amulet of guardian spirit
 I - an amulet of reflection (around neck)
 K - a ring of resist corrosion
 M - the ring of the Leaping Saviour {Fly Dex+2}
   (You found it on level 9 of the Dungeon)

   [ring of flight]

   Dex:       It affects your dexterity (+2).
   Fly:       It grants you flight.
 O - a ring of ice
Wands
 l - a wand of polymorph (11)
 w - a wand of roots (7)
Scrolls
 f - 3 scrolls of enchant weapon {unknown}
 h - a scroll of fog {unknown}
 k - 2 scrolls of enchant armour
 m - 3 scrolls of teleportation
 n - 3 scrolls of identify
 r - 3 scrolls of poison {unknown}
 t - 4 scrolls of fear {unknown}
 x - a scroll of acquirement {unknown}
 z - a scroll of immolation {unknown}
 C - a scroll of amnesia {unknown}
 H - 2 scrolls of vulnerability {unknown}
 J - a scroll of magic mapping {unknown}
Potions
 e - a potion of berserk rage
 g - a potion of might
 o - a potion of cancellation {unknown}
 q - a potion of invisibility
 s - a potion of haste
 B - a potion of lignification {unknown}
 E - 4 potions of curing {unknown}
 F - a potion of magic {unknown}
 L - a potion of mutation {unknown}
 N - a potion of brilliance {unknown}


   Skills:
 + Level 9.6 Fighting
 + Level 12.0 Long Blades
 + Level 11.0 Armour
 + Level 4.6 Dodging
 + Level 2.2 Stealth
 + Level 8.3 Shields
 + Level 1.8 Invocations
 + Level 2.5 Evocations


You had 10 spell levels left.
You didn't know any spells.
Your spell library contained the following spells:

 Spells                   Type           Power      Damage    Failure   Level
 Cigotuvi's Dreadful Rot  Necr/Pois/Air  0%         N/A       100%        2
 Sublimation of Blood     Necr           0%         N/A       100%        2
 Wereblood                Tmut           0%         N/A       100%        2
 Ignite Poison            Fire/Tmut/Pois 0%         N/A       100%        3
 Freezing Cloud           Conj/Ice/Air   0%         6-21      100%        5
 Summon Hydra             Summ           Unusable   N/A       N/A         7

Dungeon Overview and Level Annotations

Branches:
Dungeon (10/15)            Temple (1/1) D:4            Lair (0/5) D:8
    Orc (0/2) D:9

Altars:
Ashenzari
Cheibriados
Dithmenos
Elyvilon
Fedhas
Gozag
Hepliaklqana
Makhleb
Nemelex Xobeh
Okawaru
Qazlal
Ru
Sif Muna
Trog
Uskayaw
Vehumet
Wu Jian
Xom
Zin
The Shining One

Shops:
D:1 (   D:8 *

Annotations:
D:10 Lodul


Innate Abilities, Weirdness & Mutations

You have a pair of horns on your head.
You reflexively headbutt those who attack you in melee.


Message History

You slash Harold! You headbutt Harold.
Harold is heavily wounded.
Harold hits you with a +0 halberd!
* * * LOW HITPOINT WARNING * * *
You hit Harold but do no damage. You headbutt Harold.
Harold is heavily wounded.
You block Harold's attack.
You hit Harold.
Harold is heavily wounded.
Harold hits you but does no damage.
A red film seems to cover your vision as you go berserk!
You feel yourself moving faster!
You feel mighty! Harold hits you with a +0 halberd!
* * * LOW HITPOINT WARNING * * *
You slash Harold!
Harold is severely wounded.
You slash Harold!
Harold is almost dead.
You block Harold's attack.
You slash Harold! You headbutt Harold.
You kill Harold!
Okawaru is honoured by your kill.
Harold gasps with his last breath, "I wish I had worked less..."
Your base Long Blades skill increases to level 12!
Your base Armour skill increases to level 11!
Things that are here:
a +0 halberd; a +0 chain mail; the human corpse of Harold You feel a strong urge to attack something.
Things that are here:
a +0 halberd; a +0 chain mail; the human corpse of Harold You feel your anger nearly subside.
You are no longer berserk.
You are exhausted.
You feel yourself slow down.
You feel like a meek peon again.
Lodul shouts!
Lodul zaps a wand.
The puff of flame hits you.
* * * LOW HITPOINT WARNING * * *
Electricity crackles from Lodul's apparatus.
The bolt of lightning hits you!!
You die...

...#########........#
...................#.
#..................#.#
#........##...)....#..# #
#.......# #............###
#.......###......(.^##..#.
#........#................
#...............# #.......
##...)...@....... #.......
#$.............. #.###..#
#...............## #..#
#.......>........ ###.##
#.)..........O... #...#
..................###.#.##
##................./...#..#
....................####...
###.#..#.######.###....O)...


You could see Lodul.

Vanquished Creatures
  Snorg (D:9)
  Harold (D:10)
  A two-headed ogre (D:10)
  Joseph (D:7)
  Maurice (D:8)
  Maggie (D:7)
  A hornet (D:10)
  A troll (D:9)
  3 yaks (D:9)
  A shadow (D:8)
  2 wyverns
  2 steam dragons
  A vampire mosquito (D:9)
  An acid dragon (D:8)
  A water moccasin (D:7)
  2 black bears (D:5)
  2 orc warriors
  2 sky beasts
  10 ogres
  5 centaurs
  2 phantoms
  3 kobold brigands
  3 bullfrogs
  A gnoll sergeant (D:5)
  2 scorpions (D:4)
  10 wights
  6 killer bees (D:9)
  An electric eel (D:10)
  4 howler monkeys
  3 hounds
  2 jellies (D:5)
  8 orc priests
  3 gnoll boudas
  A sleepcap (D:5)
  Ijyb (D:4)
  2 iguanas
  Natasha (twice) (D:3)
  7 orc wizards
  16 gnolls
  3 adders
  A worm (D:2)
  4 dart slugs
  18 orcs
  7 endoplasms
  2 giant cockroaches
  5 hobgoblins
  7 jackals
  18 kobolds
  2 quokkas
  6 ball pythons
  A bat (D:1)
  A frilled lizard (D:2)
  7 goblins
  3 rats
202 creatures vanquished.

Notes
Turn   | Place    | Note
-------+----------+-------------------------------------------
     0 | D:1      | Peloso the Minotaur Fighter began the quest for the Orb.
     0 | D:1      | Reached XP level 1. HP: 19/19 MP: 0/0
    90 | D:1      | Found Pime Urph's Antique Weapon Shoppe.
   135 | D:1      | Reached XP level 2. HP: 25/27 MP: 1/1
   517 | D:2      | Reached skill level 3 in Long Blades
   527 | D:2      | Reached XP level 3. HP: 15/33 MP: 2/2
  1172 | D:3      | Reached XP level 4. HP: 26/41 MP: 3/3
  1176 | D:3      | Reached skill level 4 in Long Blades
  1179 | D:3      | Reached skill level 1 in Dodging
  1277 | D:3      | Noticed Natasha
  1287 | D:3      | Killed Natasha
  1288 | D:3      | Reached skill level 5 in Fighting
  1288 | D:3      | Reached XP level 5. HP: 32/48 MP: 4/4
  1997 | D:3      | Noticed Natasha
  2002 | D:3      | Killed Natasha
  2021 | D:4      | Noticed a phantom
  2044 | D:4      | Killed a phantom
  2045 | D:4      | Reached skill level 5 in Long Blades
  2102 | D:4      | Reached XP level 6. HP: 52/56 MP: 5/5
  2166 | D:4      | Found a staircase to the Ecumenical Temple.
  2179 | D:4      | Found a hazy altar of Hepliaklqana.
  2179 | D:4      | Found a shimmering altar of Xom.
  2181 | Temple   | Entered the Ecumenical Temple
  2219 | Temple   | Became a worshipper of Warmaster Okawaru
  2247 | D:4      | Found a shadowy altar of Dithmenos.
  2247 | D:4      | Found a sparkling altar of Nemelex Xobeh.
  2441 | D:4      | Found a hide-covered altar of Uskayaw.
  2537 | D:4      | Noticed Ijyb
  2566 | D:4      | Killed Ijyb
  2567 | D:4      | Reached skill level 5 in Armour
  2835 | D:4      | Found a stormy altar of Qazlal.
  2881 | D:5      | Entered Level 5 of the Dungeon
  2936 | D:5      | Reached skill level 6 in Long Blades
  2959 | D:4      | Reached * piety under Okawaru
  2960 | D:4      | Reached XP level 7. HP: 16/63 MP: 6/6
  3203 | D:5      | Found a shimmering blue altar of Sif Muna.
  3787 | D:5      | Found a broken altar of Ashenzari.
  4218 | D:6      | Reached skill level 7 in Long Blades
  4218 | D:6      | Reached XP level 8. HP: 66/71 MP: 7/7
  4225 | D:6      | Reached ** piety under Okawaru
  4722 | D:6      | Reached skill level 1 in Evocations
  4991 | D:6      | Reached skill level 1 in Stealth
  4995 | D:6      | Reached skill level 8 in Long Blades
  5290 | D:7      | Noticed Maggie
  5296 | D:7      | Noticed Joseph
  5307 | D:7      | Killed Maggie
  5308 | D:7      | Reached skill level 5 in Shields
  5325 | D:7      | Killed Joseph
  5325 | D:7      | Reached *** piety under Okawaru
  5326 | D:7      | Reached skill level 9 in Long Blades
  5326 | D:7      | Reached XP level 9. HP: 23/79 MP: 6/8
  5697 | D:7      | Reached skill level 10 in Long Blades
  5777 | D:7      | Found a white marble altar of Elyvilon.
  6043 | D:8      | Found Kaoruff's General Store.
  6050 | D:8      | Reached **** piety under Okawaru
  6114 | D:8      | Found a glowing silver altar of Zin.
  6123 | D:8      | Found a staircase to the Lair.
  6152 | D:8      | Noticed Maurice
  6962 | D:8      | Reached XP level 10. HP: 87/88 MP: 6/9
  7198 | D:8      | HP: 4/88 [something (8)]
  7205 | D:8      | Killed Maurice
  7673 | D:9      | Reached skill level 11 in Long Blades
  7686 | D:9      | Reached skill level 1 in Invocations
  7894 | D:9      | Identified the ring of the Leaping Saviour {Fly Dex+2}
  8166 | D:9      | Found a staircase to the Orcish Mines.
  8311 | D:9      | Reached skill level 10 in Armour
  8932 | D:10     | Entered Level 10 of the Dungeon
  8932 | D:10     | Noticed Snorg
  8936 | D:10     | Noticed Harold
  8948 | D:9      | Killed Snorg
  9971 | D:10     | Noticed a two-headed ogre
  9986 | D:10     | Killed a two-headed ogre
  9987 | D:10     | Reached XP level 11. HP: 80/97 MP: 9/11
 10139 | D:10     | Noticed Lodul
 10183 | D:10     | HP: 6/145 [Harold/+0 halberd (9)]
 10186 | D:10     | Killed Harold
 10187 | D:10     | Reached skill level 12 in Long Blades
 10192 | D:10     | HP: 1/97 [Lodul/puff of flame (5)]
 10193 | D:10     | Killed from afar by Lodul

Illustrated notes

Levels and vault maps discovered:
D:1:      lemuel_arrival_river_ford, layout_basic, serial_shops,
          nicolae_shop_tiny_glass
D:2:      layout_rooms
D:3:      layout_loops_ring, grunt_ministairs_4, minmay_strange_pillars,
          nicolae_elevator_lobby_plus, uniq_natasha
D:4:      layout_basic, amcnicky_altar_gilded, grunt_temple_overflow_open,
          minmay_temple_entry_mist, serial_corexii_hall,
          chequers_hall_statues_y, corexii_hall_statues_i,
          minmay_misc_feat_nine_boxes, uniq_ijyb
D:5:      layout_basic, nicolae_ashenzari_skybound,
          nicolae_sif_muna_condensation, palyth_stone_intersect
D:6:      layout_basic, minmay_statues_item, grunt_ministairs_1
D:7:      layout_rooms, nicolae_elyvilon_temple_path, uniq_joseph, uniq_maggie
D:8:      layout_cave_pools, mainiacjoe_overflow_cross_hatched,
          lair_entry_dummy, serial_shops, shop, uniq_maurice
D:9:      layout_grid_maze, orc_0_dummy
D:10:     layout_rooms, chequers_serial_rivers_room_b, serial_bayou_ford_a,
          amcnicky_mini_pool_small, uniq_snorg, uniq_harold, uniq_lodul
Temple:   nicolae_temple_godzebo

Skill      XL: |  1  2  3  4  5  6  7  8  9 10 11 |
---------------+----------------------------------+-----
Fighting       | 4 5 6 7 8 9 |  9.6
Long Blades    | 3 4 5 6 7 9 10 11 12 | 12.0
Armour         | 4 5 6 8 9 10 11 | 11.0
Dodging        | 1 2 3 4 |  4.6
Shields        | 4 5 8 |  8.3
Evocations     | 1 2 |  2.5
Stealth        | 1 2 |  2.2
Invocations    | 1 |  1.8

Action                     |  1- 3 |  4- 6 |  7- 9 | 10-12 || total
---------------------------+-------+-------+-------+-------++-------
  Melee: Long sword        |    92 |   101 |   275 |   251 ||   719
         Headbutt          |    14 |    15 |    60 |    56 ||   145
         Unarmed           |       |       |       |    15 ||    15
 Invoke: Heroism           |       |       |     4 |     9 ||    13
  Evoke: Wand              |       |     2 |     3 |    14 ||    19
    Use: Scroll            |       |       |     5 |     1 ||     6
         Potion            |       |       |     4 |     4 ||     8
   Stab: Invisible         |       |       |       |     1 ||     1
 Armour: Scale mail        |    25 |       |       |       ||    25
         Chain mail        |    21 |    35 |   118 |    28 ||   202
         Plate armour      |       |       |       |    24 ||    24
         Skin              |       |       |       |    11 ||    11
  Dodge: Dodged            |    38 |    42 |   232 |   110 ||   422
  Block: Buckler           |    15 |    21 |    67 |    29 ||   132
         Kite shield       |       |       |       |   170 ||   170
         Reflection        |       |       |       |     9 ||     9
